 Dungeon Crawl Stone Soup version 0.22.0-38-g04b72b8 (webtiles) character file.

1106 CougarLife the Ruffian (level 8, -2/75 HPs)
             Began as a Troll Fighter on Aug 28, 2018.
             Slain by Prince Ribbit (7 damage)
             ... on level 6 of the Dungeon.
             The game lasted 00:09:12 (4775 turns).

CougarLife the Ruffian (Troll Fighter)              Turns: 4775, Time: 00:09:12

Health: -2/75      AC:  7    Str: 30    XL:     8   Next: 11%
Magic:  7/7        EV:  8    Int:  6    God:
Gold:   261        SH:  9    Dex:  9    Spells: 7/7 levels left

rFire    . . .     SeeInvis .   v - +11 whip "Loram" {elec, rC+}
rCold    + . .     Gourm    +   b - +0 shield
rNeg     . . .     Faith    .   t - +1 robe {MR+}
rPois    +         Spirit   .   (helmet restricted)
rElec    .         Reflect  .   a - +0 cloak
rCorr    .         Harm     .   (gloves unavailable)
MR       +....                  (boots unavailable)
Stlth    +.........             (no amulet)
HPRegen  0.62/turn              n - ring of poison resistance
MPRegen  0.10/turn              (no ring)

@: mighty
A: large, unfitting armour, claws 3, fast metabolism 3, gourmand, regeneration
1, shaggy fur 1, tough skin 2
a: no special abilities


You were on level 6 of the Dungeon.
You were full.

You visited 1 branch of the dungeon, and saw 6 of its levels.

You collected 261 gold pieces.

Inventory:

Hand Weapons
 v - the +11 whip "Loram" (weapon) {elec, rC+}
   (You found it on level 5 of the Dungeon)

   Occasionally, upon striking a foe, it will discharge some electrical energy
   and cause terrible harm.
   It protects you from cold.
Armour
 a - a +0 cloak (worn)
 b - a +0 shield (worn)
 t - a +1 robe of magic resistance (worn)
Jewellery
 n - a ring of poison resistance (left claw)
Wands
 u - a wand of random effects (31)
Scrolls
 e - 2 scrolls of enchant weapon {unknown}
 g - 4 scrolls of identify
 h - a scroll of random uselessness {unknown}
 i - 2 scrolls of teleportation
 j - a scroll of fear {unknown}
 k - 3 scrolls of fog
 o - 2 scrolls of remove curse {unknown}
 r - 2 scrolls of blinking {unknown}
 x - a scroll of amnesia {unknown}
Potions
 f - 2 potions of ambrosia {unknown}
 m - a potion of haste {unknown}
 p - 2 potions of curing {unknown}
 q - a potion of flight {unknown}
 s - 2 potions of degeneration {unknown}
 w - a potion of mutation {unknown}
Comestibles
 d - 15 rations


   Skills:
 - Level 3.1 Fighting
 + Level 5.4 Maces & Flails
 - Level 3.0 Dodging
 - Level 3.0 Shields
 - Level 6.4 Unarmed Combat


You had 7 spell levels left.
You didn't know any spells.
Your spell library was empty.

Dungeon Overview and Level Annotations

Branches:
Dungeon (6/15)             Temple (0/1) D:4

Altars:
Cheibriados
Dithmenos
Elyvilon
Fedhas
Gozag
Nemelex Xobeh
Qazlal
Wu Jian

Shops:
D:5 [

Annotations:
D:6 Prince Ribbit


Innate Abilities, Weirdness & Mutations

You are too large for most types of armour.
You have claws for hands.
Your metabolism is lightning-fast.
You like to eat raw meat.
Your natural rate of healing is unusually fast.
You are covered in fur. (AC +1)
You have very tough skin. (AC +2)


Message History

The orc priest barely misses you. You block the orc wizard's attack.
An iguana comes into view.
Prince Ribbit blinks!
You block the orc's attack.
You closely miss Prince Ribbit.
Prince Ribbit is lightly wounded.
The iguana hisses angrily.
The orc wizard looks braver for a moment.
The orc priest hits you but does no damage.
Prince Ribbit hits you!
* * * LOW HITPOINT WARNING * * *
You hit the orc priest.
The orc priest is moderately wounded.
You block the orc wizard's attack. You block the orc's attack.
Prince Ribbit hits you!!
* * * LOW HITPOINT WARNING * * *
The orc priest barely misses you.
Your shield prevents you from hitting the orc priest.
The orc priest is moderately wounded.
The orc wizard completely misses you. Prince Ribbit hits you!
You die...

#. ##. ##.l. ###.... ##
.....###.# #....#.# #
#..oF##?####
#.#.###.@o))..... #
.........o##.### #
######.### # ###
#######.# # #...
.[.>....# # ###.##
########.# # ....##.
...# #.####..# #
.....#.###.####.......#
#
......................#
##


You could see Prince Ribbit, an iguana, an orc priest, an orc wizard and an orc.

Vanquished Creatures
  Eustachio (D:5)
  A phantom (D:5)
  3 ogres
  Blork the orc (D:6)
  A scorpion (D:4)
  A howler monkey (D:4)
  A crimson imp (D:5)
  A bullfrog zombie (D:5)
  A hound (D:5)
  3 worker ants
  A howler monkey skeleton (D:6)
  8 adders
  10 gnolls
  A shadow imp (D:2)
  2 oozes
  A worm (D:2)
  2 leopard geckos
  5 orcs
  2 ball pythons
  7 bats
  6 giant cockroaches
  6 goblins
  14 hobgoblins
  11 jackals
  5 quokkas
  4 frilled lizards
  9 kobolds
  13 rats
  3 plants (D:1)
124 creatures vanquished.

Notes
Turn   | Place    | Note
-------+----------+-------------------------------------------
     0 | D:1      | CougarLife the Troll Fighter began the quest for the Orb.
     0 | D:1      | Reached XP level 1. HP: 22/22 MP: 0/0
   102 | D:1      | Reached XP level 2. HP: 29/29 MP: 1/1
   378 | D:1      | Reached XP level 3. HP: 33/36 MP: 2/2
  1047 | D:2      | Reached XP level 4. HP: 45/45 MP: 3/3
  1176 | D:2      | Found a white marble altar of Elyvilon.
  1176 | D:2      | Found a snail-covered altar of Cheibriados.
  1181 | D:2      | Found an ornate altar of the Wu Jian Council.
  1188 | D:2      | Found a shadowy altar of Dithmenos.
  1190 | D:2      | Found a faded altar of an unknown god.
  1593 | D:2      | Reached skill level 3 in Unarmed Combat
  1668 | D:2      | Found a blossoming altar of Fedhas.
  1910 | D:3      | Reached XP level 5. HP: 53/53 MP: 4/4
  2065 | D:3      | Reached skill level 4 in Unarmed Combat
  2503 | D:4      | Found an opulent altar of Gozag.
  2613 | D:4      | Reached skill level 5 in Unarmed Combat
  2613 | D:4      | Reached XP level 6. HP: 44/61 MP: 5/5
  2665 | D:4      | Found a stormy altar of Qazlal.
  2749 | D:4      | Found a staircase to the Ecumenical Temple.
  3096 | D:4      | Found a sparkling altar of Nemelex Xobeh.
  3606 | D:5      | Entered Level 5 of the Dungeon
  3613 | D:5      | Reached skill level 6 in Unarmed Combat
  3727 | D:5      | Found a blossoming altar of Fedhas.
  3747 | D:5      | Got a crude whip
  3749 | D:5      | Identified the +11 whip "Loram" {elec, rC+} (You found it on level 5 of the Dungeon)
  3773 | D:5      | Reached skill level 1 in Maces & Flails
  3773 | D:5      | Reached XP level 7. HP: 67/67 MP: 6/6
  3819 | D:5      | Noticed Eustachio
  3839 | D:5      | Killed Eustachio
  4303 | D:5      | Found Tonuzamn's Antique Armour Emporium.
  4583 | D:6      | Reached skill level 5 in Maces & Flails
  4583 | D:6      | Reached XP level 8. HP: 75/75 MP: 7/7
  4670 | D:6      | Noticed Blork the orc
  4676 | D:6      | Killed Blork the orc
  4760 | D:6      | Noticed Prince Ribbit
  4775 | D:6      | Slain by Prince Ribbit

Skill      XL: |  1  2  3  4  5  6  7 |
---------------+----------------------+-----
Shields        | 3 |  3.0
Dodging        | 3 |  3.0
Fighting       | 3 |  3.1
Unarmed Combat | 3 5 6 |  6.4
Maces & Flails | 1 5 |  5.4

Action                   |  1- 3 |  4- 6 |  7- 9 || total
-------------------------+-------+-------+-------++-------
Melee: Unarmed           |   169 |   182 |    57 ||   408
       Whip              |       |       |    17 ||    17
  Use: Scroll            |       |     2 |     4 ||     6
       Potion            |       |       |     2 ||     2
  Eat: Chunk             |    15 |    26 |     6 ||    47
Armor: Robe              |    53 |    33 |    13 ||    99
Dodge: Dodged            |    59 |    33 |    22 ||   114
Block: Shield            |    86 |    69 |    37 ||   192
